AoeStats
← Kaiser Ze

Arabia

510271184Analyzed
3v3 RM · 2d ago on Sep 30, 2026· 42m 32s· 6 players
Game mode
Random Map
Map size
Normal (6 player)
Population
200
Speed
Normal
Resources
Standard
Victory
Conquest
Starting age
Dark Age
Ending age
Imperial Age
RankedLock teamsTeams togetherTeam positionsShared explorationLock speedFull tech treeHidden civsTurbo modeCheats
Victory
Defeat
🇦🇷 Varangians · Argentina
1562
+10
🇹🇼 Mongols · Taiwan
1512
+12
🇨🇳 Persians · China
1320
+19
1501
-17
🇨🇳 Persians · China
1410
-14
🇨🇳 Khitans · China
1311
-10
老菜套
6:12 Loom
12:32 Feudal Age
14:12 Town Watch
14:13 Double-Bit Axe
14:32 Domestication
23:16 Fletching
29:31 Gold Mining
32:45 Castle Age
32:03 Padded Archer Armor
32:15 Stone Mining
33:05 Elite Skirmisher
35:14 Bodkin Arrow
37:08 Leather Archer Armor
你可以打我队友吗
7:00 Loom
9:49 Feudal Age
10:24 Double-Bit Axe
16:56 Fletching
18:23 Horse Collar
24:59 Castle Age
24:08 Padded Archer Armor
24:11 Gold Mining
25:01 Crossbowman
25:37 Bodkin Arrow
27:47 Leather Archer Armor
28:42 Ballistics
28:49 Bow Saw
33:35 Masonry
45:11 Imperial Age
Kaiser Ze
5:06 Loom
10:36 Feudal Age
12:10 Double-Bit Axe
16:21 Fishing Lines
19:56 Bloodlines
24:42 Castle Age
22:55 Forging
22:51 Scale Barding Armor
23:34 Scale Barding Armor
23:33 Gold Mining
24:37 Light Cavalry
30:01 Chain Barding Armor
33:04 Husbandry
33:43 Horse Collar
38:04 Wheelbarrow
39:18 Hand Cart
40:03 Iron Casting
42:41 Imperial Age
b09581270
6:38 Loom
8:45 Feudal Age
9:37 Double-Bit Axe
16:01 Scale Barding Armor
16:56 Bloodlines
17:22 Forging
24:14 Castle Age
24:38 Wheelbarrow
24:48 Light Cavalry
26:20 Chain Barding Armor
37:39 Imperial Age
35:38 Hand Cart
35:43 Gold Mining
35:35 Horse Collar
36:26 Fervor
38:35 Husbandry
39:11 Iron Casting
39:18 Gold Shaft Mining
38:47 Town Watch
38:31 Heavy Camel Rider
39:59 Conscription
40:38 Heavy Plow
42:10 Blast Furnace
41:17 Fletching
风骚的女农民
7:14 Loom
10:07 Feudal Age
15:22 Fletching
16:05 Double-Bit Axe
19:40 Wheelbarrow
19:23 Padded Archer Armor
23:39 Castle Age
21:59 Horse Collar
23:41 Crossbowman
24:20 Bodkin Arrow
24:38 Bow Saw
29:00 Husbandry
29:11 Bloodlines
29:51 Hand Cart
30:49 Gold Mining
32:57 Ballistics
36:57 Imperial Age
37:23 Scale Mail Armor
37:34 Forging
37:04 Elite Varangian Guard
37:45 Squires
37:30 Arson
38:53 Gothikon
39:52 Chain Mail Armor
40:13 Iron Casting
40:38 Conscription
41:09 Heavy Plow
42:15 Plate Mail Armor
秦墨子
6:31 Loom
9:04 Feudal Age
10:39 Wheelbarrow
11:48 Double-Bit Axe
13:14 Horse Collar
14:48 Forging
17:51 Fletching
18:01 Padded Archer Armor
18:47 Town Watch
21:08 Gold Mining
25:39 Castle Age
24:56 Bloodlines
24:54 Scale Barding Armor
25:28 Elite Skirmisher
26:14 Thumb Ring
26:45 Bodkin Arrow
26:55 Husbandry
27:54 Iron Casting
29:57 Hand Cart
32:19 Bow Saw
33:11 Chain Barding Armor
Connection lost

Rejoining the realm…

Still unreachable

The connection could not be restored.

Session expired

The server has moved on; the page needs a fresh start.